 Dungeon Crawl Stone Soup version 0.30.0-10-gfe55d96785 (webtiles) character file.

Game seed: 11397269713043310608

74 hawla the Firebug (level 4, -2/33 HPs)
             Began as a Meteoran Fire Elementalist on May 15, 2023.
             Slain by an iguana (9 damage)
             ... on level 4 of the Dungeon.
             The game lasted 00:03:40 (439 turns).

hawla the Firebug (Meteoran Fire Elementalist)       Turns: 439, Time: 00:03:40

Health: -2/33      AC:  2    Str:  9    XL:     4   Next: 82%
Magic:  0/11       EV: 13    Int: 19    God:
Gold:   38         SH:  0    Dex: 14    Spells: 4/11 levels left

rFire   . . .        f - staff of earth
rCold   . . .        (no shield)
rNeg    . . .        a - +0 robe
rPois   .            (no helmet)
rElec   .            (no cloak)
rCorr   .            (no gloves)
SInv    .            (no boots)
Will    .....        (no amulet)
Stlth   +            (no ring)
HPRegen 0.25/turn    (no ring)
MPRegen 0.12/turn

%: no passive effects
@: glowing
A: sense surroundings 1, otherworldly, glowing, explore regen
a: no special abilities


You were on level 4 of the Dungeon.
You visited 1 branch of the dungeon, and saw 4 of its levels.

You collected 38 gold pieces.

Inventory:

Armour
 a - a +0 robe (worn)
Magical Staves
 f - a staff of earth (weapon)
Scrolls
 e - a scroll of immolation {unknown}
 h - 2 scrolls of teleportation {unknown}
Potions
 b - 2 potions of magic
 c - a potion of mutation {unknown}
 d - 2 potions of curing {unknown}
 g - a potion of heal wounds {unknown}
 i - a potion of might {unknown}


   Skills:
 - Level 0.2 Fighting
 - Level 2.9 Dodging
 - Level 1.4 Stealth
 - Level 4.0 Spellcasting
 + Level 2.0 Conjurations
 - Level 4.6 Fire Magic


You had 4 spell levels left.
You knew the following spells:

 Your Spells              Type           Power      Damage    Failure   Level
a - Foxfire               Conj/Fire      64%        2x1d7     3%          1
b - Scorch                Fire           42%        2d6       3%          2
c - Flame Wave            Conj/Fire      16%        2d7       34%         4

Your spell library contained the following spells:

 Spells                   Type           Power      Damage    Failure   Level
 Inner Flame              Hex/Fire       12%        N/A       16%         3
 Volatile Blastmotes      Fire/Tloc      24%        2d12      16%         3


Dungeon Overview and Level Annotations

Branches:
Dungeon (4/15) Zot: 1961
 Temple: D:4-7

Altars:


Innate Abilities, Weirdness & Mutations

You passively map a small area around you.
You are easily found by Zot.
You glow in the dark.
You regain HP and MP as you explore.


Message History

Found a masterwork spear.
Found an escape hatch in the floor.
There is a stone staircase leading up here.
Casting: Foxfire (safe; 3% risk of failure)
Confirm with . or Enter, or press ? or * to list all spells.
Flames lash the iguana.
The iguana is moderately wounded.
The iguana's fire resistance burns away.
The iguana bites you. The hobgoblin hits you.
Unknown command.
Casting: Scorch (safe; 3% risk of failure)
Confirm with . or Enter, or press ? or * to list all spells.
Flames lash the hobgoblin but do no damage.
The iguana closely misses you. The hobgoblin barely misses you.
Unknown command.
Casting: Scorch (safe; 3% risk of failure)
Confirm with . or Enter, or press ? or * to list all spells.
Flames lash the iguana.
The iguana is burned terribly!
The iguana is heavily wounded.
The iguana bites you but does no damage.
The hobgoblin hits you.
Unknown command.
Casting: Scorch (safe; 3% risk of failure)
Confirm with . or Enter, or press ? or * to list all spells.
Flames lash the hobgoblin.
You kill the hobgoblin!
The iguana bites you!
Your Conjurations skill increases to level 2!
Unknown command.
Casting: Scorch (safe; 3% risk of failure)
Confirm with . or Enter, or press ? or * to list all spells.
Flames lash the iguana but do no damage.
The iguana bites you!
* * * LOW HITPOINT WARNING * * *
Unknown command.
Casting: Scorch (safe; 3% risk of failure)
Confirm with . or Enter, or press ? or * to list all spells.
Flames lash the iguana.
The iguana is severely wounded.
The iguana bites you!
You die...

* ** * * * *
, * * , ,,, *
#### , . ,...
....##>####.#
* #...l@....#
*####.######
, #) * ,, ..*
*###*


You could see an iguana (combustible).

Vanquished Creatures
  4 gnolls (D:3)
  A worm (D:2)
  A dart slug (D:2)
  2 ball pythons (D:2)
  6 bats
  An endoplasm (D:2)
  2 giant cockroaches (D:2)
  A goblin (D:2)
  6 hobgoblins
  2 quokkas (D:2)
  3 kobolds
  A rat (D:2)
30 creatures vanquished.

Vanquished Creatures (others)
  66 foxfires
66 creatures vanquished.

Grand Total: 96 creatures vanquished

Notes
Turn   | Place    | Note
-------+----------+-------------------------------------------
     0 | D:1      | hawla the Meteoran Fire Elementalist began the quest for
                  | the Orb.
     0 | D:1      | Reached XP level 1. HP: 14/14 MP: 5/5
    68 | D:2      | Reached XP level 2. HP: 20/20 MP: 1/6
    90 | D:2      | Learned a level 2 spell: Scorch
   163 | D:2      | Reached XP level 3. HP: 26/26 MP: 2/8
   334 | D:3      | Reached XP level 4. HP: 33/33 MP: 2/10
   398 | D:3      | Learned a level 4 spell: Flame Wave
   439 | D:4      | Slain by an iguana

Illustrated notes

Levels and vault maps discovered:
D:1:      erik_arrival_orb_chamber, layout_rooms
D:2:      layout_loops_ring, hex_medium, minmay_worlds_worst_comb
D:3:      layout_basic, serial_shops, nicolae_shop_tiny_waterfront, uniq_natasha
D:4:      layout_loops_cross, minmay_temple_entry_stoned_glass

Skill      XL: |  1  2  3  4 |
---------------+-------------+-----
Fire Magic     | 4 |  4.6
Spellcasting   | 3 4 |  4.0
Conjurations   | 2 |  2.0
Fighting       | |  0.2
Dodging        | |  2.9
Stealth        | |  1.4

Action                     |  1- 3 |  4- 6 || total
---------------------------+-------+-------++-------
  Melee: Unarmed           |     5 |       ||     5
   Cast: Foxfire           |    35 |     9 ||    44
         Scorch            |     4 |     7 ||    11
 Armour: Robe              |       |     4 ||     4
  Dodge: Dodged            |     9 |     5 ||    14
